 Dungeon Crawl Stone Soup version 0.30-a0-331-g8ab09dc110 (webtiles) character file.

Game seed: 1162022493786799905

14046 McGhostyFace the Spear-Bearer (level 12, -2/94 HPs)
             Began as a Gnoll Reaver on Oct 30, 2022.
             Was an Initiate of Gozag.
             Succumbed to a black mamba's poison
             ... on level 1 of the Lair of Beasts.
             The game lasted 00:47:19 (14708 turns).

McGhostyFace the Spear-Bearer (Gnoll Reaver)       Turns: 14708, Time: 00:47:19

Health: -2/94      AC: 11    Str: 12    XL:     12   Next: 12%
Magic:  22/24      EV: 14    Int: 16    God:    Gozag
Gold:   1902       SH: 10    Dex: 14    Spells: 14/28 levels left

rFire   . . .      SeeInvis +    N - +10 falchion "Timetumu" {venom, Dex+2}
rCold   . . .      Faith    .    F - +0 kite shield
rNeg    + . .      Spirit   .    D - +2 robe {rN+}
rPois   .          Reflect  .    i - +2 helmet
rElec   .          Harm     .    q - +0 cloak
rCorr   .          Rampage  .    (no gloves)
Will    .....                    d - +1 pair of boots
Stlth   +++.......               R - amulet of regeneration
HPRegen 1.15/turn                u - ring of see invisible
MPRegen 0.19/turn                o - ring of wizardry

@: lethally poisoned (-2 -> -12), gold aura, studying Armour
A: fangs 1, strong nose, distributed training
a: Renounce Religion, Potion Petition, Call Merchant, Bribe Branch


You were on level 1 of the Lair of Beasts.
You worshipped Gozag.
Gozag was most pleased with you.
You visited 3 branches of the dungeon, and saw 13 of its levels.

You collected 1975 gold pieces.
You paid 73 gold pieces to Gozag.

Inventory:

Hand Weapons
 h - a +4 shortbow
 m - a +0 halberd
 y - a +2 flail of holy wrath
 C - a +2 great sword of freezing
 J - a +2 whip of electrocution
 N - the +10 falchion "Timetumu" (weapon) {venom, Dex+2}
   (You found it on level 8 of the Dungeon)

   It poisons the flesh of those it strikes.
   Dex:       It affects your dexterity (+2).
Missiles
 E - 37 poisoned darts (quivered)
Armour
 d - a +1 pair of boots (worn)
 i - a +2 helmet (worn)
 q - a +0 cloak (worn)
 D - a +2 robe of positive energy (worn)
 F - a +0 kite shield (worn)
 L - a +1 leather armour of cold resistance
Jewellery
 b - a ring of willpower
 o - a ring of wizardry (right hand)
 s - a ring of willpower
 t - an amulet of faith
 u - a ring of see invisible (left hand)
 R - an amulet of regeneration (around neck)
Wands
 j - a wand of roots (6)
 K - a wand of digging (4)
 O - a wand of mindburst (1)
Scrolls
 e - a scroll of poison
 k - 2 scrolls of brand weapon
 l - a scroll of immolation
 n - 4 scrolls of enchant weapon
 z - 2 scrolls of teleportation
 A - a scroll of fear
 B - a scroll of vulnerability
 I - 3 scrolls of enchant armour
 Q - a scroll of torment {unknown}
 S - a scroll of blinking
Potions
 a - 2 potions of berserk rage
 c - 6 potions of attraction
 g - 8 potions of brilliance
 p - a potion of invisibility
 r - a potion of mutation
 v - 3 potions of degeneration
 w - a potion of experience
 x - 3 potions of flight
 G - a potion of might {unknown}
 H - a potion of resistance
 M - a potion of ambrosia {unknown}
 P - a potion of cancellation


   Skills:
 + Level 8.6 Fighting
 + Level 7.2 Short Blades
 + Level 7.2 Long Blades
 + Level 7.2 Axes
 + Level 7.2 Maces & Flails
 + Level 9.8 Polearms
 + Level 7.2 Staves
 + Level 7.2 Ranged Weapons
 + Level 7.2 Throwing
 + Level 8.5 Armour
 + Level 8.6 Dodging
 + Level 7.2 Stealth
 + Level 7.2 Shields
 + Level 7.2 Unarmed Combat
 + Level 8.9 Spellcasting
 + Level 8.2 Conjurations
 + Level 6.0 Hexes
 + Level 6.0 Summonings
 + Level 6.0 Necromancy
 + Level 6.0 Translocations
 + Level 6.0 Transmutations
 + Level 6.0 Fire Magic
 + Level 6.0 Ice Magic
 + Level 6.0 Air Magic
 + Level 6.0 Earth Magic
 + Level 6.0 Poison Magic
 + Level 7.9 Invocations
 + Level 7.2 Evocations


You had 14 spell levels left.
You knew the following spells:

 Your Spells              Type           Power      Damage    Failure   Level
a - Kiss of Death         Conj/Necr      100%       2d13      1%          1
b - Momentum Strike       Conj/Tloc      60%        3d9       1%          2
c - Sticky Flame          Conj/Fire      30%        2d5       6%          4
d - Summon Lightning Spi  Summ/Air       26%        N/A       9%          4
e - Call Canine Familiar  Summ           26%        N/A       2%          3

Your spell library contained the following spells:

 Spells                   Type           Power      Damage    Failure   Level
 Summon Small Mammal      Summ           100%       N/A       1%          1
 Hailstorm                Conj/Ice       30%        3d8       1%          3
 Inner Flame              Hex/Fire       26%        N/A       2%          3
 Summon Guardian Golem    Hex/Summ       26%        N/A       2%          3
 Flame Wave               Conj/Fire      30%        2d9       6%          4
 Storm Form               Tmut/Air       13%        N/A       99%         7
 Maxwell's Capacitive Co  Air            13%        ∞         100%        8


Dungeon Overview and Level Annotations

Branches:
Dungeon (11/15)            Temple (1/1) D:5            Lair (1/5) D:11
    Orc (0/2) D:10

Altars:
Ashenzari
Cheibriados
Dithmenos
Elyvilon
Fedhas
Gozag
Hepliaklqana
Kikubaaqudgha
Makhleb
Nemelex Xobeh
Okawaru
Qazlal
Ru
Sif Muna
Trog
Uskayaw
Vehumet
Wu Jian
Xom
Yredelemnul
Zin
The Shining One

Shops:
D:6 *

Annotations:
D:9 3 runed translucent doors, billz999's ghost, novice GnHu


Innate Abilities, Weirdness & Mutations

You have very sharp teeth.
Your uncanny sense of smell can sniff out nearby items.
Your experience applies equally to all skills.


Message History

You hit the water moccasin.
The water moccasin is almost dead.
* * * LOW HITPOINT WARNING * * *
You feel extremely sick.
A nearby fungus withers and dies.
You block the black mamba's attack. The water moccasin misses you.
Your hound completely misses the water moccasin.
The black mamba bites you.
* * * LOW HITPOINT WARNING * * *
You are more poisoned.
The black mamba poisons you! The water moccasin barely misses you.
You slash the water moccasin!
You kill the water moccasin!
* * * LOW HITPOINT WARNING * * *
You feel extremely sick. You block the black mamba's attack.
The black mamba closely misses you.
Your hound barely misses the black mamba.
You slash the black mamba!
The black mamba is almost dead.
* * * LOW HITPOINT WARNING * * *
You feel extremely sick. You block the black mamba's attack.
Your hound closely misses the black mamba.
The black mamba is distracted by your dazzling golden aura.
You feel better.
Your hound bites the black mamba.
Your hound barely misses the black mamba.
You swap places.
The black mamba is no longer distracted by gold.
The black mamba bites you.
* * * LOW HITPOINT WARNING * * *
The black mamba bites you!
* * * LOW HITPOINT WARNING * * *
You are lethally poisoned!
The black mamba poisons you!
Your hound bites the black mamba but does no damage.
You see here 6 gold pieces.
Okay, then.
Okay, then.
You die...
Your body crumbles into a pile of gold.

..##... #.#...(...
## #.......#
.#.#...... .#.#....#
#..#....
#..#...###.#### #
##..#.P.@......#
#.#.#....#.$##..####
#.........Sh# .#
####..<##### ..
##.## .. #.. .. ##.
# #. ..


You could see a black mamba (distracted, ally target) and a friendly hound
(summoned).

Vanquished Creatures
  Erolcha (D:11)
  A centaur warrior (D:7)
  2 two-headed ogres
  Pikel (D:7)
  A manticore (D:11)
  A cyclops (D:11)
  A gargoyle (D:10)
  A kobold demonologist (D:10)
  2 trolls (D:11)
  Grinder (D:5)
  2 shadows (D:11)
  2 wyverns (D:9)
  Sigmund (D:6)
  6 yaks
  Menkaure (D:5)
  A steam dragon (D:8)
  Edmund (D:6)
  An acid dragon (D:11)
  A water moccasin (Lair:1)
  2 wargs (D:11)
  Duvessa (D:6)
  4 sky beasts
  4 orc warriors
  3 ice beasts
  A black bear (D:4)
  3 centaurs
  4 ogres
  3 phantoms
  2 lemures (D:6)
  4 kobold brigands
  2 bullfrogs
  2 necrophages
  2 scorpions (D:6)
  A water moccasin zombie (D:6)
  2 gnoll sergeants
  5 wights
  Dowan (D:6)
  3 bullfrog zombies (D:6)
  2 centaur zombies (D:6)
  2 hounds (D:6)
  A human zombie (D:6)
  4 jellies
  A gnoll bouda (D:5)
  Crazy Yiuf (D:5)
  8 orc priests
  4 iguanas
  3 orc wizards
  A killer bee zombie (D:6)
  A mummy (D:6)
  6 gnolls
  9 adders
  A shadow imp (D:7)
  A white imp (D:6)
  An ufetubus (D:5)
  4 worms
  2 dart slugs
  7 orcs
  6 bats
  6 endoplasms
  4 giant cockroaches
  15 goblins
  11 hobgoblins
  15 jackals
  2 quokkas
  7 ball pythons
  5 frilled lizards
  12 kobolds
  5 rats
224 creatures vanquished.

Vanquished Creatures (collateral kills)
  The ghost of Pooter the Grappler, a novice TrMo (D:7)
  A two-headed ogre (D:8)
  Urug (D:11)
  2 kobold demonologists (D:10)
  A troll (D:10)
  A wraith (D:10)
  A vampire mosquito (D:8)
  An acid dragon (D:5)
  A nameless horror (D:10)
  A sky beast (D:7)
  A kobold brigand (D:10)
  5 wights
  A lava snake (D:9)
  3 orc priests
  An iguana (D:7)
  2 orc wizards
  3 gnolls (D:9)
  6 orcs
  A quokka (D:5)
34 creatures vanquished.

Vanquished Creatures (others)
  An ogre (D:6)
  A necrophage (D:6)
  A wight (D:8)
  A hound (D:6)
  An iguana (D:5)
  3 fungi
  3 plants
11 creatures vanquished.

Grand Total: 269 creatures vanquished

Notes
Turn   | Place    | Note
-------+----------+-------------------------------------------
     0 | D:1      | McGhostyFace the Gnoll Reaver began the quest for the Orb.
     0 | D:1      | Reached XP level 1. HP: 20/20 MP: 6/6
   127 | D:1      | Reached XP level 2. HP: 16/26 MP: 7/7
   321 | D:1      | Found a faded altar of an unknown god.
   418 | D:1      | Reached skill level 5 in Spellcasting
   418 | D:1      | Reached XP level 3. HP: 31/31 MP: 7/9
   464 | D:1      | Reached skill level 1 in Invocations
   755 | D:2      | Reached skill level 1 in Short Blades
   755 | D:2      | Reached skill level 1 in Long Blades
   755 | D:2      | Reached skill level 1 in Axes
   755 | D:2      | Reached skill level 1 in Maces & Flails
   755 | D:2      | Reached skill level 1 in Staves
   755 | D:2      | Reached skill level 1 in Ranged Weapons
   755 | D:2      | Reached skill level 1 in Throwing
   755 | D:2      | Reached skill level 1 in Armour
   755 | D:2      | Reached skill level 1 in Stealth
   755 | D:2      | Reached skill level 1 in Shields
   755 | D:2      | Reached skill level 1 in Unarmed Combat
   755 | D:2      | Reached skill level 1 in Evocations
   799 | D:2      | Reached XP level 4. HP: 21/38 MP: 11/11
  1038 | D:2      | Reached skill level 1 in Hexes
  1038 | D:2      | Reached skill level 1 in Summonings
  1038 | D:2      | Reached skill level 1 in Necromancy
  1038 | D:2      | Reached skill level 1 in Translocations
  1038 | D:2      | Reached skill level 1 in Transmutations
  1038 | D:2      | Reached skill level 1 in Fire Magic
  1038 | D:2      | Reached skill level 1 in Ice Magic
  1038 | D:2      | Reached skill level 1 in Air Magic
  1038 | D:2      | Reached skill level 1 in Earth Magic
  1038 | D:2      | Reached skill level 1 in Poison Magic
  1904 | D:2      | Learned a level 2 spell: Momentum Strike
  2004 | D:3      | Reached XP level 5. HP: 43/43 MP: 12/12
  2159 | D:3      | Found a white marble altar of Elyvilon.
  2807 | D:4      | Noticed an ogre
  2822 | D:4      | Killed an ogre
  2823 | D:4      | Reached skill level 5 in Fighting
  2823 | D:4      | Reached skill level 5 in Dodging
  2823 | D:4      | Reached XP level 6. HP: 42/51 MP: 12/14
  3036 | D:4      | Noticed a black bear
  3055 | D:4      | Killed a black bear
  3056 | D:4      | Reached skill level 7 in Polearms
  3056 | D:4      | Reached XP level 7. HP: 46/52 MP: 13/15
  3412 | D:5      | Entered Level 5 of the Dungeon
  3412 | D:5      | Noticed Grinder
  3685 | D:5      | an ice beast changed into a blink frog
  3685 | D:5      | Noticed a blink frog
  3686 | D:5      | a blink frog changed into an acid dragon
  3691 | D:5      | HP: 1/55 [acid dragon (8)]
  3986 | D:4      | Reached XP level 8. HP: 28/63 MP: 16/16
  4595 | D:5      | Found a runed translucent door.
  4596 | D:5      | Noticed Crazy Yiuf
  4605 | D:5      | Killed Crazy Yiuf
  4925 | D:5      | Noticed Menkaure
  4930 | D:5      | Killed Menkaure
  5271 | D:5      | Found a staircase to the Ecumenical Temple.
  5281 | Temple   | Entered the Ecumenical Temple
  5533 | Temple   | Became a worshipper of Gozag Ym Sagoz the Greedy
  5752 | D:5      | Killed Grinder
  5918 | D:5      | Found a blossoming altar of Fedhas.
  6279 | D:6      | Found a basalt altar of Yredelemnul.
  6577 | D:6      | Found a sparkling altar of Nemelex Xobeh.
  6577 | D:6      | Found a hazy altar of Hepliaklqana.
  6578 | D:6      | Found a broken altar of Ashenzari.
  6586 | D:6      | Reached XP level 9. HP: 63/69 MP: 18/18
  6742 | D:6      | Found a burning altar of Makhleb.
  6755 | D:6      | Noticed Sigmund
  6761 | D:6      | Killed Sigmund
  6833 | D:6      | Noticed Edmund
  7064 | D:6      | Found Ifahohoa's CLEARANCE SALE!.
  7220 | D:6      | Noticed Duvessa
  7223 | D:6      | Noticed Dowan
  7229 | D:6      | Killed Duvessa
  7249 | D:6      | Killed Dowan
  7541 | D:6      | Found a hide-covered altar of Uskayaw.
  7620 | D:6      | Reached skill level 8 in Polearms
  7707 | D:6      | Killed Edmund
  7915 | D:6      | Learned a level 4 spell: Sticky Flame
  7920 | D:6      | Learned a level 4 spell: Summon Lightning Spire
  7925 | D:7      | Noticed Pikel
  8126 | D:7      | Reached skill level 5 in Invocations
  8261 | D:7      | Noticed a centaur warrior
  8266 | D:7      | Noticed Pooter's ghost (novice TrMo)
  8266 | D:7      | Found a runed translucent gate.
  8269 | D:7      | Found a runed translucent gate.
  8270 | D:7      | Found a runed translucent gate.
  8815 | D:7      | Killed Pikel
  8816 | D:7      | Reached skill level 5 in Short Blades
  8816 | D:7      | Reached skill level 5 in Long Blades
  8816 | D:7      | Reached skill level 5 in Axes
  8816 | D:7      | Reached skill level 5 in Maces & Flails
  8816 | D:7      | Reached skill level 5 in Staves
  8816 | D:7      | Reached skill level 5 in Ranged Weapons
  8816 | D:7      | Reached skill level 5 in Throwing
  8816 | D:7      | Reached skill level 5 in Armour
  8816 | D:7      | Reached skill level 5 in Stealth
  8816 | D:7      | Reached skill level 5 in Shields
  8816 | D:7      | Reached skill level 5 in Unarmed Combat
  8816 | D:7      | Reached skill level 5 in Evocations
  8816 | D:7      | Reached XP level 10. HP: 59/77 MP: 13/20
  8881 | D:7      | Learned a level 3 spell: Call Canine Familiar
  9160 | D:8      | Noticed a two-headed ogre
  9184 | D:8      | Killed a two-headed ogre
  9563 | D:8      | Identified the +10 falchion "Timetumu" {venom, Dex+2}
  9964 | D:8      | Noticed a two-headed ogre
  9987 | D:8      | Killed a two-headed ogre
 11216 | D:9      | Reached skill level 9 in Polearms
 11321 | D:9      | Reached skill level 5 in Hexes
 11321 | D:9      | Reached skill level 5 in Summonings
 11321 | D:9      | Reached skill level 5 in Necromancy
 11321 | D:9      | Reached skill level 5 in Translocations
 11321 | D:9      | Reached skill level 5 in Transmutations
 11321 | D:9      | Reached skill level 5 in Fire Magic
 11321 | D:9      | Reached skill level 5 in Ice Magic
 11321 | D:9      | Reached skill level 5 in Air Magic
 11321 | D:9      | Reached skill level 5 in Earth Magic
 11321 | D:9      | Reached skill level 5 in Poison Magic
 11378 | D:9      | Found a runed translucent gate.
 11378 | D:9      | Found a runed translucent gate.
 11378 | D:9      | Found a runed translucent gate.
 11381 | D:9      | Noticed billz999's ghost (novice GnHu)
 11381 | D:9      | Noticed a kobold demonologist
 11408 | D:9      | Reached XP level 11. HP: 85/85 MP: 17/22
 11733 | D:7      | Killed a centaur warrior
 11777 | D:7      | Killed Pooter's ghost
 12120 | D:10     | Entered Level 10 of the Dungeon
 12150 | D:10     | Found a staircase to the Orcish Mines.
 12189 | D:10     | HP: 3/86 [gargoyle/+0 flail (20)]
 12894 | D:10     | Noticed a two-headed ogre
 12904 | D:10     | Killed a two-headed ogre
 13744 | D:11     | Found a staircase to the Lair.
 13753 | D:11     | Noticed Erolcha
 13776 | D:11     | Killed Erolcha
 13910 | D:11     | Noticed a cyclops
 13921 | D:11     | Killed a cyclops
 14096 | D:11     | Noticed Urug
 14113 | D:11     | Killed Urug
 14221 | D:11     | Noticed a manticore
 14259 | D:11     | Killed a manticore
 14260 | D:11     | Reached XP level 12. HP: 80/94 MP: 14/24
 14687 | Lair:1   | Entered Level 1 of the Lair of Beasts
 14705 | Lair:1   | HP: 3/94 [poisoned by a black mamba]
 14708 | Lair:1   | Succumbed to a black mamba's poison

Illustrated notes

Levels and vault maps discovered:
D:1:      dpeg_arrival_pond, layout_basic, hellmonk_ecumenical_altar_run_dry
D:2:      layout_loops_ring, minmay_goblin_kobold_house
D:3:      layout_loops_cross, nicolae_elyvilon_temple_path
D:4:      layout_loops_cross, due_unseen_surprise
D:5:      layout_layer_cave, nicolae_overflow_hidden_temple,
          minmay_temple_entry_poolview, portal_sewer_entry_e, uniq_grinder,
          uniq_menkaure, uniq_crazy_yiuf_cottage
D:6:      layout_loops_cross, nicolae_overflow_quartered_altars,
          mainiacjoe_overflow_24_doors, lemuel_mausoleum_altar_yredelemnul,
          nicolae_shop_clearance, uniq_sigmund, uniq_duvessa, uniq_edmund
D:7:      layout_cave_pools, gammafunk_ghost_split, uniq_pikel
D:8:      layout_loops_ring, minmay_manual_moon
D:9:      layout_gridville, gammafunk_ghost_nasty_kobolds,
          kennysheep_minor_cross, david_defended_altar_orc
D:10:     layout_layer_cave, orc_0_dummy, hangedman_decor_push
D:11:     layout_loops_ring, erik_lair_orcish_takeover, uniq_urug, uniq_erolcha
Temple:   dpeg_chambers_temple
Lair:1:   layout_loops_ring, wad_woods_01, grunt_megastairs_5,
          serial_bayou_shore_b, lemuel_fruit_tree

Skill      XL: |  1  2  3  4  5  6  7  8  9 10 11 12 |
---------------+-------------------------------------+-----
Spellcasting   | 5 6 7 8 |  8.9
Invocations    | 1 2 3 4 5 6 7 |  7.9
Short Blades   | 1 2 3 5 6 7 |  7.2
Long Blades    | 1 2 3 5 6 7 |  7.2
Axes           | 1 2 3 5 6 7 |  7.2
Maces & Flails | 1 2 3 5 6 7 |  7.2
Staves         | 1 2 3 5 6 7 |  7.2
Ranged Weapons | 1 2 3 5 6 7 |  7.2
Throwing       | 1 2 3 5 6 7 |  7.2
Armour         | 1 2 3 5 6 8 |  8.5
Stealth        | 1 2 3 5 6 7 |  7.2
Shields        | 1 2 3 5 6 7 |  7.2
Unarmed Combat | 1 2 3 5 6 7 |  7.2
Evocations     | 1 2 3 5 6 7 |  7.2
Hexes          | 1 2 3 4 5 6 |  6.0
Summonings     | 1 2 3 4 5 6 |  6.0
Necromancy     | 1 2 3 4 5 6 |  6.0
Translocations | 1 2 3 4 5 6 |  6.0
Transmutations | 1 2 3 4 5 6 |  6.0
Fire Magic     | 1 2 3 4 5 6 |  6.0
Ice Magic      | 1 2 3 4 5 6 |  6.0
Air Magic      | 1 2 3 4 5 6 |  6.0
Earth Magic    | 1 2 3 4 5 6 |  6.0
Poison Magic   | 1 2 3 4 5 6 |  6.0
Fighting       | 5 6 7 8 |  8.6
Dodging        | 5 6 7 8 |  8.6
Polearms       | 7 8 9 |  9.8
Conjurations   | 6 7 8 |  8.2

Action                   |  1- 3 |  4- 6 |  7- 9 | 10-12 || total
-------------------------+-------+-------+-------+-------++-------
Melee: Spear             |   123 |   260 |   388 |       ||   771
       Bite              |    11 |    20 |    74 |    40 ||   145
       Punch             |     3 |     6 |     8 |     1 ||    18
       Halberd           |       |       |   173 |    27 ||   200
       Whip              |       |       |       |    71 ||    71
       Falchion          |       |       |       |   210 ||   210
 Fire: Shortbow          |       |       |     8 |       ||     8
Throw: Dart              |       |       |    31 |     7 ||    38
 Cast: Kiss of Death     |       |     3 |       |       ||     3
       Momentum Strike   |       |       |    29 |     4 ||    33
       Sticky Flame      |       |       |     1 |     2 ||     3
       Call Canine Famil |       |       |       |    34 ||    34
       Summon Lightning  |       |       |       |    32 ||    32
Evoke: Wand              |       |       |    10 |     2 ||    12
  Use: Scroll            |       |     8 |     9 |    14 ||    31
       Potion            |       |       |     8 |     6 ||    14
 Stab: Sleeping          |     1 |     7 |     5 |     4 ||    17
       Distracted        |       |       |     1 |    11 ||    12
Armor: Leather armour    |    51 |    60 |   101 |       ||   212
       Robe              |       |       |    65 |    71 ||   136
       Skin              |       |       |    46 |     1 ||    47
Dodge: Dodged            |    65 |   117 |   308 |   170 ||   660
Block: Kite shield       |       |       |       |    96 ||    96

Table legend: (Time is in decaauts)
 A = Elapsed time spent in this place.
 B = Non-inter-level travel time spent in this place.
 C = Inter-level travel time spent in this place.
 D = Time resting spent in this place.
 E = Time spent auto-exploring this place.
 F = Levels seen in this place.
 G = Mean time per level.
                   A        B        C        D        E       F      G
               +--------+--------+--------+--------+--------+-----+--------+
         Total |  14509 |  13630 |    879 |   2915 |   7101 |  13 | 1116.1 |
       Dungeon |  14208 |  13403 |    805 |   2915 |   6910 |  11 | 1291.6 |
        Temple |    279 |    205 |     74 |      0 |    191 |   1 |  279.0 |
          Lair |     21 |     21 |      0 |      0 |      0 |   1 |   21.0 |
               +--------+--------+--------+--------+--------+-----+--------+

Top non-repeatable levels by time:
     D:6: 2157 daAuts
     D:5: 1758 daAuts
     D:8: 1713 daAuts
    D:10: 1362 daAuts
     D:4: 1309 daAuts
    D:11: 1220 daAuts
     D:2: 1212 daAuts
     D:7: 1092 daAuts
     D:9: 1073 daAuts
     D:3: 673 daAuts
     D:1: 635 daAuts
  Temple: 279 daAuts
  Lair:1: 21 daAuts
